 Dungeon Crawl Stone Soup version 0.20-a0-465-g6513c8f (webtiles) character file.

86 ololoev the Magician (level 4, 0/30 HPs)
             Began as a Merfolk Fire Elementalist on Jan 12, 2017.
             Slain by a centaur (5 damage)
             ... on level 5 of the Dungeon.
             The game lasted 00:07:26 (2616 turns).

ololoev the Magician (Merfolk Fire Elementalist)    Turns: 2616, Time: 00:07:27

Health: 0/30       AC:  2    Str:  8    XL:     4   Next: 50%
Magic:  3/8        EV: 13    Int: 15    God:
Gold:   108        SH:  0    Dex: 14    Spells: 0/8 levels left

rFire  . . .     SeeInvis .     (no weapon)
rCold  . . .     Gourm    .     a - +0 robe
rNeg   . . .     Faith    .     (no shield)
rPois  .         Spirit   .     (no helmet)
rElec  .         Reflect  .     (no cloak)
rCorr  .         Harm     .     (no gloves)
MR     .....                    (no boots)
Stlth  ++........               (no amulet)
                                (no ring)
                                (no ring)

@: very slightly contaminated
A: change form in water, swift swim, stealthy swim
a: no special abilities

Inventory:

Armour
 a - a +0 robe (worn)
Scrolls
 e - 3 scrolls of identify {unknown}
 g - 3 scrolls of remove curse {unknown}
 j - a scroll of magic mapping {unknown}
 l - 2 scrolls of amnesia {unknown}
 m - 2 scrolls of enchant weapon {unknown}
 n - 3 scrolls of noise {unknown}
 o - 2 scrolls of blinking {unknown}
Potions
 d - 2 potions of lignification {unknown}
 f - a potion of curing {unknown}
 i - 2 potions of invisibility {unknown}
 k - a potion of agility {unknown}
 r - a potion of cancellation {unknown}
Books
 b - a book of Flames

   Spells                             Type                      Level
   a - Flame Tongue                   Conjuration/Fire             1
   b - Throw Flame                    Conjuration/Fire             2
   c - Conjure Flame                  Conjuration/Fire             3
   d - Inner Flame                    Hexes/Fire                   3
   e - Sticky Flame                   Conjuration/Fire             4
   f - Fireball                       Conjuration/Fire             5
Comestibles
 c - 2 bread rations
 h - 2 meat rations
 p - a royal jelly
 q - a slice of pizza
 s - a chunk of flesh


   Skills:
 - Level 2.6 Dodging
 - Level 2.1 Stealth
 + Level 2.9 Spellcasting
 * Level 2.8 Conjurations
 - Level 2.1 Fire Magic


You couldn't memorise any spells.
You knew the following spells:

 Your Spells              Type           Power        Failure   Level  Hunger
a - Flame Tongue          Conj/Fire      #....        10%         1    #......
b - Conjure Flame         Conj/Fire      #.......     24%         3    ###....
c - Sticky Flame          Conj/Fire      #.......     78%         4    #####..


You were on level 5 of the Dungeon.
You were hungry.

You visited 1 branch of the dungeon, and saw 4 of its levels.

You collected 108 gold pieces.

... ...# ... #...#
... #...# #.# #...#
#.# #...# #.#
#...###. #
#####.###......###.
#.@........####.#.#
#c###.###.........#
#.# #.# #..###....#
... ..# #..# #.##.#
...##### #..#
#.##.# ##### #..#
#.##.# #..###.#...
...##......
#.###..#...

Notes
Turn   | Place    | Note
-------+----------+-------------------------------------------
     0 | D:1      | ololoev the Merfolk Fire Elementalist began the quest for the Orb.
     0 | D:1      | Reached XP level 1. HP: 13/13 MP: 3/3
   160 | D:1      | Reached skill level 1 in Conjurations
   436 | D:1      | Reached XP level 2. HP: 9/19 MP: 0/5
  1146 | D:1      | Reached XP level 3. HP: 24/24 MP: 0/6
  1726 | D:2      | Reached XP level 4. HP: 30/30 MP: 3/8
  1771 | D:2      | Learned a level 3 spell: Conjure Flame
  2343 | D:3      | You fall through a shaft for 2 floors!
  2343 | D:5      | Entered Level 5 of the Dungeon
  2349 | D:5      | Found a shattered altar of Ashenzari.
  2371 | D:5      | Learned a level 4 spell: Sticky Flame
  2392 | D:5      | ololoev: !lg . -log
  2392 | D:5      | beem: 3227. ololoev, XL11 BaFE, T:16408: http://crawl.xtahua.com/crawl/morgue/ololoev/morgue-ololoev-20170112-080620.txt
  2606 | D:5      | Noticed a centaur
  2616 | D:5      | Slain by a centaur

Dungeon Overview and Level Annotations

Branches:
Dungeon (5/15)
 Temple: D:4-7

Altars:
Ashenzari


Message History

Casting: Flame Tongue
Confirm with . or Enter, or press ? or * to list all spells.
Aiming: Flame Tongue
Press: ? - help, Shift-Dir - straight line, f/p - gnoll
Aim: a gnoll, wielding a halberd (moderately wounded)
The flame tongue hits the gnoll.
The gnoll is severely wounded.
Casting: Flame Tongue
Confirm with . or Enter, or press ? or * to list all spells.
Aiming: Flame Tongue
Press: ? - help, Shift-Dir - straight line, f/p - gnoll
Aim: a gnoll, wielding a halberd (severely wounded)
The flame tongue hits the gnoll.
You kill the gnoll!
Things that are here:
a halberd; a gnoll corpse You butcher the gnoll corpse.
s - a chunk of flesh
Things that are here:
a halberd; a gnoll skeleton
There is a stone staircase leading down here.
Magic restored.
Found a stone staircase leading down.
You hear the rusting of a distant drain.
A centaur comes into view.
The centaur shouts!
The centaur wields a shortbow.
The centaur shoots an arrow.
The arrow hits you.
You see here an arrow.
The centaur shoots an arrow.
The arrow hits you.
You see here an arrow.
The centaur shoots an arrow.
The arrow misses you.
The centaur moves out of view.
You see here 2 arrows.
You start resting.
The centaur unwields an uncursed shortbow.
The centaur hits you!
You see here 2 arrows.
Casting: Flame Tongue
Confirm with . or Enter, or press ? or * to list all spells.
Aiming: Flame Tongue
Press: ? - help, Shift-Dir - straight line, f - centaur
Aim: a centaur The flame tongue hits the centaur.
The centaur is lightly wounded.
You are feeling hungry.
The centaur hits you. The centaur barely misses you.
Casting: Flame Tongue
Confirm with . or Enter, or press ? or * to list all spells.
Aiming: Flame Tongue
Press: ? - help, Shift-Dir - straight line, f/p - centaur
Aim: a centaur (lightly wounded)
The flame tongue hits the centaur.
The centaur is moderately wounded.
The centaur closely misses you.
Casting: Flame Tongue
Confirm with . or Enter, or press ? or * to list all spells.
Aiming: Flame Tongue
Press: ? - help, Shift-Dir - straight line, f/p - centaur
Aim: a centaur (moderately wounded)
You miscast Flame Tongue.
You are very lightly contaminated with residual magic.
You feel a strange surge of energy! The centaur misses you.
The centaur barely misses you.
Casting: Flame Tongue
Confirm with . or Enter, or press ? or * to list all spells.
Aiming: Flame Tongue
Press: ? - help, Shift-Dir - straight line, f/p - centaur
Aim: a centaur (moderately wounded)
The flame tongue hits the centaur.
The centaur is heavily wounded.
The centaur hits you.
Casting: Flame Tongue
Confirm with . or Enter, or press ? or * to list all spells.
Aiming: Flame Tongue
Press: ? - help, Shift-Dir - straight line, f/p - centaur
Aim: a centaur (heavily wounded)
The flame tongue hits the centaur.
The centaur is severely wounded.
The centaur hits you.
You die...

You could see a centaur.

Vanquished Creatures
  A gnoll (D:5)
  2 adders (D:2)
  A worm (D:2)
  2 dart slugs
  A ball python (D:2)
  6 giant cockroaches
  3 goblins
  4 hobgoblins
  7 jackals
  A quokka (D:2)
  3 bats
  11 frilled lizards
  5 kobolds
  6 rats
53 creatures vanquished.

Action                   |  1- 3 |  4- 6 || total
-------------------------+-------+-------++-------
Melee: Unarmed           |     1 |       ||     1
 Cast: Flame Tongue      |    62 |    35 ||    97
  Eat: Chunk             |     3 |     3 ||     6
Armor: Robe              |     6 |     2 ||     8
Dodge: Dodged            |    27 |    14 ||    41

Vault maps used:
D:1:      scummos_arrival_forest, minmay_tetromino_l2
D:3:      first_bread, uniq_iyjb
D:5:      evilmike_ruin_ashenzari, gup_sewer_entry_spiral
